 Dungeon Crawl Stone Soup version 0.27.1-33-g824d729ab1 (webtiles) character file.

Game seed: 1525589526142545090

7587 pkoi the Grappler (level 10, 0/80 HPs)
             Began as a Green Draconian Gladiator on Dec 15, 2021.
             Was an Initiate of Gozag.
             Slain by an entropy weaver simulacrum (35 damage)
             ... in an ice cave.
             The game lasted 00:23:56 (12364 turns).

pkoi the Grappler (Green Draconian Gladiator)      Turns: 12364, Time: 00:23:58

Health: 0/80       AC: 10    Str: 22    XL:     10   Next: 97%
Magic:  11/16      EV: 18    Int: 13    God:    Gozag
Gold:   1408       SH:  0    Dex: 12    Spells: 14/17 levels left

rFire    . . .     SeeInvis .     - Unarmed
rCold    . . .     Faith    .   (no shield)
rNeg     + . .     Spirit   .   (armour unavailable)
rPois    +         Reflect  .   a - +1 hat
rElec    .         Harm     .   g - scarf {shadows}
rCorr    .         Rampage  .   (no gloves)
Will     .....                  k - +1 pair of boots
Stlth    +.........             v - amulet of magic regeneration
HPRegen  0.23/turn              z - ring "Tuegiext" {rN+ Str+6 Slay+2}
MPRegen  0.40/turn              C - +4 ring of evasion

@: slowed, very slow
A: breathe noxious fumes, AC +7, unfitting armour, poison resistance,
cold-blooded
a: Breathe Noxious Fumes, Renounce Religion, Potion Petition, Call Merchant,
Bribe Branch


You were in an ice cave.
You worshipped Gozag.
Gozag was most pleased with you.
You visited 1 branch of the dungeon, and saw 11 of its levels.
You also visited: Ice Cave.

You collected 1843 gold pieces.
You spent 16 gold pieces at shops.
You paid 419 gold pieces to Gozag.

Inventory:

Hand Weapons
 c - a +1 whip
 e - a +3 short sword of electrocution
 F - a +3 dagger of venom
Missiles
 b - 3 throwing nets
 f - 3 javelins (quivered)
 y - 5 boomerangs of dispersal
 A - 25 poisoned darts
Armour
 a - a +1 hat (worn)
 g - a scarf of shadows (worn)
 k - a +1 pair of boots (worn)
Jewellery
 v - an amulet of magic regeneration (around neck)
 z - the ring "Tuegiext" (left hand) {rN+ Str+6 Slay+2}
   (You found it on level 5 of the Dungeon)

   [ring of strength]

   Str:       It affects your strength (+6).
   Slay:      It affects your accuracy & damage with ranged weapons and melee
   (+2).
   rN:        It protects you from negative energy.
 C - a +4 ring of evasion (right hand)
Wands
 q - a wand of digging (5)
 w - a wand of flame (34)
Scrolls
 j - 3 scrolls of enchant weapon
 l - 2 scrolls of identify
 m - a scroll of fear
 p - a scroll of amnesia
 s - 4 scrolls of teleportation
 t - a scroll of holy word
 B - a scroll of enchant armour
Potions
 d - 4 potions of heal wounds
 h - a potion of might
 i - 6 potions of curing
 n - 4 potions of haste
 o - 4 potions of lignification
 r - a potion of berserk rage
 u - a potion of brilliance
 x - 5 potions of flight
 D - a potion of cancellation {unknown}
 E - 2 potions of attraction {unknown}


   Skills:
 + Level 4.5 Fighting
 - Level 1.7 Throwing
 - Level 6.0 Dodging
 + Level 12.1 Unarmed Combat
 - Level 4.2 Spellcasting
 - Level 4.6 Conjurations
 - Level 4.6 Translocations
 - Level 4.6 Air Magic


You had 14 spell levels left.
You knew the following spells:

 Your Spells              Type           Power      Damage    Failure   Level
a - Apportation           Tloc           28%        N/A       3%          1
b - Static Discharge      Conj/Air       14%        N/A       4%          2

Your spell library contained the following spells:

 Spells                   Type           Power      Damage    Failure   Level
 Foxfire                  Conj/Fire      32%        2x1d5     8%          1
 Animate Skeleton         Necr           4%         N/A       21%         1
 Corona                   Hex            2%         N/A       21%         1
 Summon Small Mammal      Summ           8%         N/A       21%         1
 Conjure Flame            Conj/Fire      8%         6-21      24%         3
 Inner Flame              Hex/Fire       2%         N/A       52%         3
 Lightning Bolt           Conj/Air       7%         1d19      63%         5
 Maxwell's Capacitive Co  Air            7%         ∞         100%        8


Dungeon Overview and Level Annotations

Branches:
Dungeon (11/15)            Temple (0/1) D:5            Lair (0/6) D:9
    Orc (0/2) D:9           IceCv (1/1)

Altars:
Dithmenos
Gozag
Makhleb
Xom
Yredelemnul

Shops:
D:1 :   D:6 :   D:9 ?

Annotations:
D:10 2 transporters, meepyknight's ghost, novice GrFi


Innate Abilities, Weirdness & Mutations

You can breathe blasts of noxious fumes.
Your lurid green scales are hard. (AC +7)
You cannot fit into any form of body armour.
Your system is resistant to poisons. (rPois)
You are cold-blooded and may be slowed by cold attacks.


Message History

The cane toad simulacrum closely misses you.
Unknown command.
You hit the cane toad simulacrum but do no damage.
The cane toad simulacrum is almost destroyed.
The cane toad simulacrum hits you. The cane toad simulacrum freezes you!
You feel yourself slow down.
* * * LOW HITPOINT WARNING * * *
Unknown command.
Cast which spell? (? or * to list)
The cane toad simulacrum is struck by an arc of lightning.
The cane toad simulacrum vaporises!
The lightning grounds out.
Unknown command.
Casting: Static Discharge (safe; 4% risk of failure)
Confirm with . or Enter, or press ? or * to list all spells.
The entropy weaver simulacrum is struck by an arc of lightning.
The entropy weaver simulacrum is lightly damaged.
The polar bear simulacrum is struck by an arc of lightning.
The polar bear simulacrum is no longer distracted by gold.
The polar bear simulacrum is lightly damaged.
The lightning grounds out.
You feel yourself speed up.
The entropy weaver simulacrum misses you.
The entropy weaver simulacrum closely misses you.
The entropy weaver simulacrum misses you.
The entropy weaver simulacrum hits you but does no damage.
Casting: Static Discharge (safe; 4% risk of failure)
Confirm with . or Enter, or press ? or * to list all spells.
The entropy weaver simulacrum is struck by an arc of lightning!
The entropy weaver simulacrum is moderately damaged.
You are struck by an arc of lightning.
* * * LOW HITPOINT WARNING * * *
The lightning grounds out.
The entropy weaver simulacrum barely misses you.
The entropy weaver simulacrum hits you.
* * * LOW HITPOINT WARNING * * *
The entropy weaver simulacrum freezes you!!
You feel yourself slow down.
You die...
Your body crumbles into a pile of gold.

#########
#.......#
#...∩...#
#.......#
#.......#
#...∩...#
##.....##
##.@.##
##Z## .Z.
.....
.......
#.......#
#$.....(#
$


You could see a polar bear simulacrum and an entropy weaver simulacrum.

Vanquished Creatures
  A centaur warrior (D:10)
  Pikel (D:7)
  Maggie (D:8)
  2 hornets (D:8)
  2 shadows
  11 yaks
  4 steam dragons
  2 wyverns
  A hornet zombie (D:6)
  An ice beast (D:5)
  2 orc warriors
  A black bear (D:5)
  A sky beast (D:6)
  2 necrophages
  3 ogres
  5 centaurs
  4 lemures (D:7)
  A phantom (D:7)
  A kobold brigand (D:8)
  2 bullfrogs
  2 scorpions (D:5)
  A cane toad simulacrum (IceCv)
  2 water moccasin skeletons
  4 killer bees (D:10)
  A bullfrog zombie (D:6)
  4 crimson imps (D:7)
  A centaur zombie (D:8)
  2 jellies (D:2)
  A gnoll shaman (D:5)
  2 hounds
  A bullfrog skeleton (D:7)
  4 orc priests
  7 orc wizards
  4 iguanas
  A wolf simulacrum (IceCv)
  A hound skeleton (D:5)
  A howler monkey zombie (D:9)
  14 gnolls
  A howler monkey skeleton (D:6)
  9 adders
  3 river rats (D:5)
  An ufetubus (D:4)
  An adder zombie (D:2)
  5 worms
  3 dart slugs
  24 orcs
  5 ball pythons
  A bat zombie (D:2)
  12 endoplasms
  4 giant cockroaches
  12 hobgoblins
  3 jackals (D:3)
  4 quokkas
  A ball python zombie (D:2)
  7 bats
  6 frilled lizards
  3 giant cockroach zombies (D:2)
  3 goblins
  19 kobolds
  2 quokka skeletons (D:2)
  6 rats
236 creatures vanquished.

Vanquished Creatures (others)
  7 fungi (D:2)
  9 toadstools (D:2)
  3 withered plants (D:2)
19 creatures vanquished.

Grand Total: 255 creatures vanquished

Notes
Turn   | Place    | Note
-------+----------+-------------------------------------------
     0 | D:1      | pkoi the Draconian Gladiator began the quest for the Orb.
     0 | D:1      | Reached XP level 1. HP: 17/17 MP: 1/1
   321 | D:1      | Reached XP level 2. HP: 21/24 MP: 2/2
   525 | D:1      | Reached skill level 4 in Unarmed Combat
  1045 | D:1      | Reached XP level 3. HP: 27/29 MP: 3/3
  1283 | D:1      | Found Zedibbir's Book Emporium.
  1553 | D:2      | Found a faded altar of an unknown god.
  1758 | D:2      | Became a worshipper of Gozag Ym Sagoz the Greedy
  1976 | D:2      | Reached XP level 4. HP: 32/36 MP: 4/4
  2047 | D:2      | Reached skill level 5 in Unarmed Combat
  2382 | D:2      | Reached XP level 5. HP: 23/41 MP: 5/5
  2558 | D:2      | Reached skill level 6 in Unarmed Combat
  3078 | D:3      | Noticed a necrophage
  3209 | D:3      | You fall into a shaft and drop 3 floors!
  3491 | D:6      | Noticed a necrophage
  3505 | D:6      | Killed a necrophage
  3506 | D:6      | Reached skill level 7 in Unarmed Combat
  3506 | D:6      | Reached XP level 6. HP: 39/48 MP: 6/6
  3822 | D:6      | Reached skill level 8 in Unarmed Combat
  3822 | D:6      | Your scales start taking on a lurid green colour.
  3822 | D:6      | Reached XP level 7. HP: 31/55 MP: 7/7
  3822 | D:6      | Gained mutation: Your system is resistant to poisons.
                  | (rPois) [Green Draconian growth]
  3963 | D:6      | Found Goshybb's Book Emporium.
  4147 | D:5      | Entered Level 5 of the Dungeon
  4214 | D:4      | Learned a level 1 spell: Apportation
  4626 | D:3      | Reached skill level 9 in Unarmed Combat
  5076 | D:4      | Reached XP level 8. HP: 61/61 MP: 8/8
  5683 | D:5      | Found a staircase to the Ecumenical Temple.
  5735 | D:5      | Reached skill level 10 in Unarmed Combat
  5737 | D:5      | Reached skill level 5 in Dodging
  6266 | D:5      | Found a shadowy altar of Dithmenos.
  6267 | D:5      | Found a burning altar of Makhleb.
  6363 | D:5      | Identified the ring "Tuegiext" {rN+ Str+6 Slay+2}
  6389 | D:5      | Reached XP level 9. HP: 67/67 MP: 9/9
  6562 | D:5      | Learned a level 2 spell: Static Discharge
  6910 | D:7      | Found a shimmering altar of Xom.
  7010 | D:7      | Reached skill level 1 in Spellcasting
  7010 | D:7      | Reached skill level 1 in Conjurations
  7010 | D:7      | Reached skill level 1 in Translocations
  7010 | D:7      | Reached skill level 1 in Air Magic
  7749 | D:7      | Reached skill level 11 in Unarmed Combat
  8161 | D:8      | Noticed Pikel
  8209 | D:8      | Noticed Maggie
  8226 | D:8      | Killed Maggie
  8914 | D:8      | Noticed a boulder beetle
  9600 | D:8      | Reached XP level 10. HP: 63/73 MP: 14/14
  9878 | D:7      | Killed Pikel
 10408 | D:8      | Found a basalt altar of Yredelemnul.
 10877 | D:9      | Bought a scroll of noise for 16 gold pieces
 11018 | D:9      | Found a staircase to the Lair.
 11032 | D:9      | Found a staircase to the Orcish Mines.
 11212 | D:10     | Entered Level 10 of the Dungeon
 11361 | D:10     | Noticed a two-headed ogre
 11363 | D:10     | Found a transporter.
 11363 | D:10     | Noticed a gargoyle
 11372 | D:10     | Found a transporter.
 11380 | D:10     | Noticed a deep elf pyromancer
 11412 | D:10     | Noticed a green ugly thing
 11413 | D:10     | Noticed meepyknight's ghost (novice GrFi)
 11622 | D:10     | Noticed a centaur warrior
 11638 | D:10     | Killed a centaur warrior
 11858 | D:10     | Reached skill level 12 in Unarmed Combat
 12342 | D:11     | Found a frozen archway.
 12350 | IceCv    | Entered an ice cave
 12364 | IceCv    | Slain by an entropy weaver simulacrum

Illustrated notes

Levels and vault maps discovered:
D:1:      minmay_arrival_four_circles, layout_basic, serial_shops,
          nicolae_square_shop, minivault_23
D:2:      cheibrodos_fertilizer, layout_loops_ring, serial_undead,
          serial_undead_b, serial_undead_a, serial_undead_f, serial_undead_d,
          shapermc_ecumenical_altar_mp_highgroup
D:3:      layout_loops_ring, feat_on_display
D:4:      layout_rooms
D:5:      layout_rooms, jmf_multi_god_temple, minmay_temple_entry_glass,
          gup_sewer_entry_bubbles, lemuel_another_geyser
D:6:      layout_loops_corners, serial_shops, nicolae_shop_waterfront
D:7:      layout_basic, led_xom_imps, serial_park_tiny_2
D:8:      layout_cave_pods, general_overflow_altar, uniq_pikel, uniq_maggie
D:9:      layout_big_octagon, lair_entry_dummy, orc_0_dummy
D:10:     layout_rooms, nzn_ghost_randoct, small_statue_intersection
D:11:     layout_loops_cross, portal_ice_cave_entry_pillars_1, enter_trove_6,
          kennysheep_nondescript, minmay_unpleasant_kobolds, uniq_fannar
IceCv:    ice_cave_statue_garden_chambered

Skill      XL: |  1  2  3  4  5  6  7  8  9 10 |
---------------+-------------------------------+-----
Unarmed Combat | 4 5 7 8 9 10 11 12 | 12.1
Dodging        | 3 6 |  6.0
Spellcasting   | 3 4 |  4.2
Conjurations   | 3 4 |  4.6
Translocations | 3 4 |  4.6
Air Magic      | 3 4 |  4.6
Fighting       | 4 |  4.5
Throwing       | |  1.7

Action                   |  1- 3 |  4- 6 |  7- 9 | 10-12 || total
-------------------------+-------+-------+-------+-------++-------
Melee: Unarmed           |   169 |   130 |   434 |   136 ||   869
       Tailslap          |    20 |    20 |    67 |    27 ||   134
       Punch             |     3 |     6 |    22 |     9 ||    40
Throw: Javelin           |       |     3 |       |       ||     3
 Cast: Static Discharge  |       |       |       |     3 ||     3
Invok: Call Merchant     |       |       |       |     1 ||     1
 Abil: Breathe Noxious F |       |       |    19 |     9 ||    28
  Use: Scroll            |       |     9 |    10 |       ||    19
 Stab: Sleeping          |       |     2 |     2 |     1 ||     5
       Confused          |       |       |    16 |     8 ||    24
       Distracted        |       |       |     3 |       ||     3
Armor: Skin              |    57 |    36 |   123 |    30 ||   246
Dodge: Dodged            |   123 |    52 |   241 |    89 ||   505
